 Dungeon Crawl Stone Soup version 0.32-a0-886-g41c5271027 (webtiles) character file.

Game seed: 9051851226340818751

499 smashvw the Covered (level 6, -2/50 HPs)
             Began as a Mountain Dwarf Fighter on Apr 2, 2024.
             Was a Follower of Hepliaklqana.
             Killed by divine providence
             ... invoked by an orc priest
              (12 damage)
             ... on level 5 of the Dungeon.
             The game lasted 00:06:25 (3951 turns).

smashvw the Covered (Mountain Dwarf Fighter)        Turns: 3951, Time: 00:06:25

Health: -2/50      AC:  7    Str: 20    XL:     6   Next: 94%
Magic:  6/6        EV:  8    Int:  9    God:    Hepliaklqana [*.....]
Gold:   183        SH:  4    Dex:  9    Spells: 5/5 levels left

rFire   . . .        a - +0 war axe
rCold   . . .        c - +0 buckler
rNeg    . . .        b - +0 scale mail
rPois   .            (no helmet)
rElec   .            (no cloak)
rCorr   .            (no gloves)
SInv    .            (no boots)
Will    .....        (no amulet) Stlth
                     (no ring)
HPRegen 0.28/turn    (no ring)
MPRegen 0.10/turn

%: no passive effects
@: lethally poisoned (-2 -> -3)
A: reduced essence, runic magic, artefact enchanting
a: Renounce Religion, Recall Ancestor, Ancestor Identity


You were on level 5 of the Dungeon.
You worshipped Hepliaklqana.
Hepliaklqana was aware of your devotion.
You visited 1 branch of the dungeon, and saw 5 of its levels.

You collected 183 gold pieces.

Inventory:

Hand Weapons
 a - a +0 war axe (weapon)
Armour
 b - a +0 scale mail (worn)
 c - a +0 buckler (worn)
 l - a +0 tower shield
Jewellery
 f - a ring of willpower
Wands
 d - a wand of flame (7)
Scrolls
 e - 2 scrolls of vulnerability {unknown}
 h - 2 scrolls of identify {unknown}
 j - a scroll of noise {unknown}
 m - a scroll of fog {unknown}
 n - a scroll of amnesia {unknown}
 o - a scroll of blinking {unknown}
Potions
 g - a potion of heal wounds {unknown}
 i - a potion of berserk rage {unknown}
 k - a potion of enlightenment {unknown}


   Skills:
 - Level 5.0 Fighting
 + Level 5.0 Axes
 + Level 5.2 Armour
 + Level 5.2 Shields


You had 5 spell levels left.
You didn't know any spells.
Your spell library was empty.

Dungeon Overview and Level Annotations

Branches:
Dungeon (5/15)
 Temple: D:4-7

Altars:
Hepliaklqana

Shops:
D:1 *   D:3 (   D:4 *


Innate Abilities, Weirdness & Mutations

Your life essence is reduced to manifest your ancestor. (-10% HP)
Your spellcasting is much less encumbered by armour.
You can use scrolls of enchantment on lesser artefacts.


Message History

The ufetubus closely misses Ziuwneh. x2
The orc hits you with a +0 short sword of venom.
The orc priest calls upon Beogh to heal the orc.
The orc's wounds heal themselves!
The orc misses you. The ufetubus hits you.
The ufetubus hits you but does no damage.
Ziuwneh hits the ufetubus.
The ufetubus closely misses Ziuwneh.
The ufetubus hits Ziuwneh.
The orc hits you with a +0 flail. You block the orc priest's attack.
You block the orc's attack.
You feel sick.
The ufetubus hits Ziuwneh but does no damage.
The ufetubus hits Ziuwneh.
Ziuwneh is destroyed!
You block the ufetubus's attack. x2
The orc priest attacks as it pursues you!
The orc priest hits you but does no damage.
You feel sick. The ufetubus attacks as it pursues you!
You block the ufetubus's attack.
The ufetubus hits you but does no damage.
You barely miss the ufetubus.
The ufetubus is moderately wounded.
You feel sick. You block the ufetubus's attack.
The ufetubus barely misses you. x3
You feel sick. The ufetubus slips past you!
The ufetubus hits you but does no damage.
The ufetubus closely misses you.
You completely miss the ufetubus.
The ufetubus is moderately wounded.
You feel sick. The ufetubus closely misses you.
You block the ufetubus's attack.
The ufetubus hits you but does no damage.
The ufetubus barely misses you. The ufetubus hits you.
* * * LOW HITPOINT WARNING * * *
You block the ufetubus's attack.
You barely miss the ufetubus.
The ufetubus is moderately wounded.
You closely miss the ufetubus.
You feel sick.
The ufetubus hits you but does no damage. x2
The orc priest mumbles some strange prayers to Beogh against you.
Beogh smites you!
You die...
Hepliaklqana delivers you to your ancestors.

.. ... ###. #.# ....
... #.. #.# #..##.#
###### ##....## .....#
##.#..)ooo# .....#
........#5# #.....#
......)o#@## #.....#
........#5.######.....#
#
........##.....##.....#
.
........######........#
. ........#
###......###. ##.######
#......##.. .. .
#.....[##.#
...........##..####...
......................#


You could see an orc priest, 2 ufetubi and an orc.

Vanquished Creatures
  Sigmund (D:4)
  An orc priest (D:5)
  An iguana (D:4)
  A sleepcap (D:5)
  Ijyb (D:4)
  An orc wizard (D:5)
  2 adders
  3 dart slugs
  A ribbon worm (D:2)
  8 orcs
  5 endoplasms
  3 giant cockroaches
  8 goblins
  9 hobgoblins
  6 jackals
  6 kobolds
  2 quokkas (D:3)
  3 ball pythons
  5 bats
  3 frilled lizards
  4 rats
74 creatures vanquished.

Vanquished Creatures (collateral kills)
  An ogre (D:5)
  A white imp (D:5)
  2 orcs (D:5)
4 creatures vanquished.

Vanquished Creatures (others)
  An ancestor (D:5)
1 creature vanquished.

Grand Total: 79 creatures vanquished

Notes
Turn   | Place    | Note
-------+----------+-------------------------------------------
     0 | D:1      | smashvw the Mountain Dwarf Fighter began the quest for the
                  | Orb.
     0 | D:1      | Reached XP level 1. HP: 19/19 MP: 1/1
   281 | D:1      | Reached XP level 2. HP: 26/26 MP: 2/2
   373 | D:1      | Found Uzunlil's General Store.
   859 | D:2      | Found a faded altar of an unknown god.
   890 | D:2      | Reached XP level 3. HP: 29/31 MP: 3/3
  1726 | D:3      | Found Ilishu's Weapon Shop.
  1794 | D:3      | Reached XP level 4. HP: 34/40 MP: 4/4
  2001 | D:3      | Found a hazy altar of Hepliaklqana.
  2060 | D:3      | Became a worshipper of Hepliaklqana the Forgotten
  2729 | D:4      | Found Tojyuzo's Overcharged Wands.
  2861 | D:4      | Noticed Sigmund
  2863 | D:4      | Noticed Ijyb
  2869 | D:4      | Killed Sigmund
  2870 | D:4      | Reached XP level 5. HP: 14/47 MP: 5/5
  2870 | D:4      | Reached XP level 6. HP: 16/53 MP: 6/6
  2874 | D:4      | Killed Ijyb
  3208 | D:4      | Reached * piety under Hepliaklqana
  3586 | D:5      | Entered Level 5 of the Dungeon
  3639 | D:5      | Reached skill level 5 in Fighting
  3639 | D:5      | Reached skill level 5 in Armour
  3795 | D:5      | Reached skill level 5 in Shields
  3878 | D:5      | Reached skill level 5 in Axes
  3951 | D:5      | Killed from afar by an orc priest

Illustrated notes

Levels and vault maps discovered:
D:1:      spicycebolla_green_bress_n_ham_2, layout_loops_corners, serial_shops,
          shop, minmay_misc_feat_nine_boxes
D:2:      layout_loops_corners, nicolae_ecumenical_pavilion, st_stairs_12
D:3:      layout_loops_corners, nicolae_hepliaklqana_hazy_memory, serial_shops,
          shop
D:4:      layout_loops_ring, nicolae_shop_overcharged_wands, uniq_ijyb,
          uniq_sigmund
D:5:      layout_basic

Skill      XL: |  1  2  3  4  5  6 |
---------------+-------------------+-----
Axes           | 3 4 5 |  5.0
Fighting       | 4 5 |  5.0
Armour         | 4 5 |  5.2
Shields        | 4 5 |  5.2

Action                     |  1- 3 |  4- 6 || total
---------------------------+-------+-------++-------
  Melee: War axe           |   122 |   118 ||   240
    Use: Potion            |       |     1 ||     1
 Armour: Scale mail        |    99 |   109 ||   208
  Dodge: Dodged            |    55 |    66 ||   121
  Block: Buckler           |    27 |    32 ||    59

Table legend: (Time is in decaauts)
 A = Elapsed time spent in this place.
 B = Non-inter-level travel time spent in this place.
 C = Inter-level travel time spent in this place.
 D = Time resting spent in this place.
 E = Time spent auto-exploring this place.
 F = Levels seen in this place.
 G = Mean time per level.
                   A        B        C        D        E       F      G
               +--------+--------+--------+--------+--------+-----+--------+
         Total |   4037 |   3942 |     95 |    127 |   3265 |   5 |  807.4 |
       Dungeon |   4037 |   3942 |     95 |    127 |   3265 |   5 |  807.4 |
               +--------+--------+--------+--------+--------+-----+--------+

Top non-repeatable levels by time:
     D:3: 1029 daAuts
     D:2: 886 daAuts
     D:1: 880 daAuts
     D:4: 868 daAuts
     D:5: 373 daAuts
